 Dungeon Crawl Stone Soup version 0.31-a0-1405-g2bb1a01664 (webtiles) character file.

Game seed: 17219622265698041009

6364 timneilson the Blocker (level 10, -7/61 HPs)
             Began as a Gargoyle Fighter on Dec 25, 2023.
             Was a Believer of Qazlal.
             Mangled by Gastronok (18 damage)
             ... on level 8 of the Dungeon.
             The game lasted 00:22:46 (8278 turns).

timneilson the Blocker (Gargoyle Fighter)           Turns: 8278, Time: 00:22:46

Health: -7/61      AC: 21    Str: 26    XL:     10   Next: 97%
Magic:  12/12      EV:  9    Int:  9    God:    Qazlal [**....]
Gold:   726        SH: 20    Dex: 19    Spells: 9/9 levels left

rFire   . . .        z - +4 scimitar
rCold   . . .        w - +0 kite shield
rNeg    + . .        y - +0 plate armour
rPois   ∞            (no helmet)
rElec   +            (no cloak)
rCorr   .            (no gloves)
SInv    .            (no boots)
Will    .....        h - amulet of reflection Stlth
                     f - +6 ring of strength
HPRegen 0.30/turn    p - +6 ring of dexterity
MPRegen 0.13/turn

%: reflection
@: no status effects
A: sickness immunity, AC +7, negative energy resistance 1, electricity
resistance, torment resistance 1, petrification resistance
a: Renounce Religion, Upheaval


You were on level 8 of the Dungeon.
You worshipped Qazlal.
Qazlal was pleased with you.
You visited 2 branches of the dungeon, and saw 9 of its levels.

You collected 726 gold pieces.

Inventory:

Hand Weapons
 a - a +1 long sword
 z - a +4 scimitar (weapon)
Missiles
 o - 13 throwing nets
Armour
 v - a +1 chain mail of fire resistance
 w - a +0 kite shield (worn)
 y - a +0 plate armour (worn)
Jewellery
 c - a +4 ring of protection
 e - a ring of flight
 f - a +6 ring of strength (left hand)
 h - an amulet of reflection (around neck)
 p - a +6 ring of dexterity (right hand)
 q - a ring of protection from fire
Wands
 k - a wand of paralysis (5)
 x - a wand of roots (18)
Scrolls
 b - 3 scrolls of teleportation
 d - a scroll of identify
 j - 6 scrolls of immolation
 r - a scroll of fear
 t - 2 scrolls of summoning
Potions
 g - 2 potions of curing
 i - a potion of enlightenment
 l - a potion of berserk rage
 m - a potion of lignification
 n - 2 potions of mutation
 s - a potion of brilliance {unknown}
 u - 3 potions of heal wounds
 A - a potion of haste
 B - a potion of cancellation {unknown}


   Skills:
 + Level 6.7 Fighting
 * Level 7.2 Long Blades
 * Level 8.9 Armour
 + Level 4.2 Dodging
 * Level 9.0 Shields
 + Level 3.0 Invocations
 + Level 4.4 Evocations


You had 9 spell levels left.
You didn't know any spells.
Your spell library contained the following spells:

 Spells                   Type           Power      Damage    Failure   Level
 Necrotise                Necr           0%         1d4       100%        1
 Fugue of the Fallen      Necr           0%         N/A       100%        3
 Ozocubu's Armour         Ice            0%         N/A       100%        3
 Vampiric Draining        Necr           0%         2d6       100%        3
 Manifold Assault         Tloc           0%         N/A       100%        4
 Agony                    Necr           0%         N/A       100%        5


Dungeon Overview and Level Annotations

Branches:
Dungeon (8/15)             Temple (1/1) D:7
   Lair: D:8-11

Altars:
Ashenzari
Cheibriados
Dithmenos
Elyvilon
Fedhas
Gozag
Hepliaklqana
Kikubaaqudgha
Makhleb
Qazlal
Ru
Sif Muna
Trog
Uskayaw
Vehumet
Xom
Zin
The Shining One

Shops:
D:5 !

Portals:
Abyss: D:3

Annotations:
D:3 2 transporters, PyroL's ghost, amateur DsFi
D:8 Gastronok


Innate Abilities, Weirdness & Mutations

You are immune to sickness and miasma.
Your stone body is resilient. (AC +7)
You are immune to poison.
You resist negative energy. (rN+)
You are resistant to electric shocks. (rElec)
You are resistant to unholy torment.
You are immune to petrification.


Message History

An orc comes into view. It is wielding a +0 whip.
The orc shouts!
You hit Gastronok.
Gastronok is lightly wounded.
Gastronok bites you!!
You slash Gastronok!
Gastronok is lightly wounded.
You slash Gastronok!
Gastronok is lightly wounded.
Gastronok waves his eye-stalks in wide circles.
The air twists around and strikes you!
You hit Gastronok.
Gastronok is moderately wounded.
You slash Gastronok!
Gastronok is moderately wounded.
Gastronok bites you!
* * * LOW HITPOINT WARNING * * *
Unknown command.
You hit Gastronok.
Gastronok is moderately wounded.
Unknown command.
You feel much better. You block the orc's attack.
Gastronok chants a spell, wobbling all the while.
Unknown command.
You hit Gastronok.
Gastronok is moderately wounded.
You block the orc's attack. You block the river rat's attack.
You block the orc's attack.
You hit Gastronok.
Gastronok is moderately wounded.
Gastronok bites you!!
* * * LOW HITPOINT WARNING * * *
You block the river rat's attack. You block the orc's attack.
Unknown command.
You slash Gastronok!
Gastronok is heavily wounded.
You block the river rat's attack. The orc hits you but does no damage.
Gastronok bites you!!
You die...
Gastronok gurgles, "Time to dig in!"

#.... . # #.... . #.
#...#### ^# ##.
#########...##.. ...
..###...............
........................
........................
......#°#.#.#..##...##..
.....bw@r......##...##..
.....#o#.#.#.#......##..
###..................#..
#..#.#.#.#.#.#......#..
+....................'..
#..#.#.#.#.#.#.#.....#..
#....................#..
..#.#.#.#.#.#.########
...........## #


You could see Gastronok, a river rat (summoned), an orc and a bat (summoned).

Vanquished Creatures
  Amaemon (D:8)
  An orange demon (D:8)
  A troll (D:7)
  Prince Ribbit (D:5)
  Sigmund (D:5)
  A yak (D:7)
  Grum (D:8)
  A steam dragon (D:7)
  Edmund (D:4)
  2 water moccasins (D:7)
  Duvessa (D:4)
  An orc warrior (D:7)
  3 black bears
  3 ice beasts
  2 sky beasts (D:7)
  2 ogres
  2 wolves
  A centaur (D:5)
  4 phantoms
  A kobold brigand (D:8)
  A bullfrog (D:7)
  5 gnoll sergeants
  5 scorpions
  A wight (D:7)
  Dowan (D:4)
  4 killer bees (D:8)
  2 electric eels (D:6)
  A howler monkey (D:8)
  2 vampire bats (D:7)
  2 jellies (D:7)
  2 orc priests
  2 bombardier beetles
  3 gnoll boudas (D:5)
  5 hounds
  2 iguanas
  5 orc wizards
  37 gnolls
  9 adders
  A river rat (D:6)
  A shadow imp (D:8)
  A white imp (D:8)
  2 ufetubi (D:6)
  8 worms
  3 dart slugs
  37 orcs
  6 ball pythons
  A bat skeleton (D:7)
  6 bat zombies (D:7)
  6 endoplasms
  4 giant cockroaches
  8 hobgoblins
  7 jackals (D:5)
  17 kobolds
  9 quokkas
  2 bats
  3 frilled lizards
  10 goblins
  13 rats
265 creatures vanquished.

Vanquished Creatures (others)
  A wolf (D:7)
  A kobold brigand (D:8)
2 creatures vanquished.

Grand Total: 267 creatures vanquished

Notes
Turn   | Place    | Note
-------+----------+-------------------------------------------
     0 | D:1      | timneilson the Gargoyle Fighter began the quest for the
                  | Orb.
     0 | D:1      | Reached XP level 1. HP: 14/14 MP: 1/1
   131 | D:1      | Reached XP level 2. HP: 13/19 MP: 2/2
   824 | D:2      | Reached XP level 3. HP: 23/23 MP: 3/3
  1312 | D:2      | Reached XP level 4. HP: 28/28 MP: 4/4
  1324 | D:2      | Reached skill level 4 in Shields
  1457 | D:2      | Reached skill level 1 in Dodging
  2049 | D:3      | Reached XP level 5. HP: 15/32 MP: 5/5
  2178 | D:3      | Found a transporter.
  2184 | D:3      | Found a one-way gate to the infinite horrors of the Abyss.
  2184 | D:3      | Noticed PyroL's ghost (amateur DsFi)
  2197 | D:3      | Noticed a small abomination
  2202 | D:3      | Noticed a small abomination
  2203 | D:3      | Found a transporter.
  3120 | D:4      | Noticed a black bear
  3137 | D:3      | Killed a black bear
  3138 | D:3      | Reached XP level 6. HP: 37/38 MP: 6/6
  3143 | D:4      | Noticed Edmund
  3204 | D:4      | Killed Edmund
  3205 | D:4      | Reached skill level 1 in Evocations
  3244 | D:4      | Reached skill level 5 in Shields
  3266 | D:4      | Reached XP level 7. HP: 43/43 MP: 7/7
  3417 | D:4      | Reached skill level 5 in Armour
  3450 | D:4      | Noticed Dowan
  3452 | D:4      | Noticed Duvessa
  3463 | D:4      | Killed Duvessa
  3474 | D:4      | Killed Dowan
  3694 | D:5      | Entered Level 5 of the Dungeon
  3721 | D:4      | Reached XP level 8. HP: 48/48 MP: 8/8
  3927 | D:5      | Noticed Prince Ribbit
  3969 | D:5      | Killed Prince Ribbit
  3970 | D:5      | Reached skill level 6 in Shields
  4240 | D:5      | Reached skill level 5 in Fighting
  4249 | D:5      | Noticed Sigmund
  4260 | D:5      | Killed Sigmund
  4460 | D:5      | Reached skill level 5 in Long Blades
  4718 | D:5      | Reached XP level 9. HP: 54/54 MP: 9/9
  5068 | D:4      | Reached skill level 7 in Shields
  5618 | D:5      | Found Juhil's Distillery.
  5794 | D:6      | Found a radiant altar of Vehumet.
  5796 | D:6      | Upgraded the game from 0.31-a0-1388-g4b2ba238e7 to
                  | 0.31-a0-1405-g2bb1a01664
  5866 | D:6      | Found a stormy altar of Qazlal.
  5873 | D:6      | Became a worshipper of Qazlal Stormbringer
  6037 | D:6      | Found a white marble altar of Elyvilon.
  6037 | D:6      | Found a hazy altar of Hepliaklqana.
  6143 | D:6      | Found an opulent altar of Gozag.
  6510 | D:6      | Reached * piety under Qazlal
  6957 | D:7      | Found a staircase to the Ecumenical Temple.
  6966 | Temple   | Entered the Ecumenical Temple
  7012 | D:7      | Noticed a troll
  7028 | D:7      | Killed a troll
  7029 | D:7      | Reached skill level 1 in Invocations
  7029 | D:7      | Reached XP level 10. HP: 44/60 MP: 10/10
  7031 | D:7      | Reached skill level 8 in Shields
  7509 | D:7      | Found an ancient bone altar of Kikubaaqudgha.
  7871 | D:7      | Reached ** piety under Qazlal
  7943 | D:8      | Noticed Grum
  7986 | D:8      | Killed Grum
  8030 | D:8      | Found a shimmering blue altar of Sif Muna.
  8080 | D:8      | Noticed Amaemon
  8096 | D:8      | Killed Amaemon
  8100 | D:8      | Noticed an orange demon
  8108 | D:8      | Killed an orange demon
  8109 | D:8      | Reached skill level 9 in Shields
  8265 | D:8      | Noticed Gastronok
  8278 | D:8      | Mangled by Gastronok

Illustrated notes

Levels and vault maps discovered:
D:1:      tarquinn_simple_flora_water_a, layout_loops_cross, minmay_tromino_i2
D:2:      layout_basic, serial_curves, eino_curves_04, eino_curves_01,
          minmay_vboxes
D:3:      layout_loops_ring, gammafunk_ghost_abyssal_escape,
          minmay_misc_feat_five, hex_tiny
D:4:      layout_rooms, uniq_duvessa, uniq_edmund
D:5:      minmay_clustersquares, layout_cave_pools, serial_gnoll_camp,
          gnoll_camp_medium_01, gnoll_camp_mini_loothouse, gnoll_camp_mini_hut,
          gnoll_camp_huts_moat, gnoll_camp_mini_hut, gnoll_camp_mini_shop,
          hangedman_abyss_or_decor_lesser_grid, uniq_sigmund,
          uniq_prince_ribbit1
D:6:      layout_basic, kennysheep_little_box, kennysheep_mini_moat,
          grunt_qazlal_clouds, nicolae_overflow_two_pavilions,
          lightli_sewer_entry_pipes
D:7:      hangedman_cross_stitches, layout_basic, kennysheep_vampire_church,
          minmay_temple_entry_nine_rooms
D:8:      layout_gridville, gammafunk_temple_overflow_pools,
          mainiacjoe_overflow_chevrons, lemuel_tele_altar, hex_medium,
          uniq_grum, uniq_gastronok, uniq_amaemon
Temple:   hellmonk_temple_of_storms

Skill      XL: |  1  2  3  4  5  6  7  8  9 10 |
---------------+-------------------------------+-----
Long Blades    | 2 3 4 5 6 7 |  7.2
Shields        | 4 5 6 7 9 |  9.0
Armour         | 4 5 6 7 8 |  8.9
Dodging        | 1 2 3 4 |  4.2
Fighting       | 4 5 6 |  6.7
Evocations     | 1 2 3 4 |  4.4
Invocations    | 1 3 |  3.0

Action                     |  1- 3 |  4- 6 |  7- 9 | 10-12 || total
---------------------------+-------+-------+-------+-------++-------
  Melee: Long sword        |   150 |   212 |   665 |    36 ||  1063
         Scimitar          |       |       |       |   177 ||   177
  Evoke: Wand              |       |       |       |     1 ||     1
    Use: Scroll            |     3 |     6 |     8 |       ||    17
         Potion            |       |     1 |     6 |     1 ||     8
 Armour: Scale mail        |   109 |    79 |    21 |       ||   209
         Chain mail        |       |    58 |   302 |       ||   360
         Plate armour      |       |       |   154 |   139 ||   293
  Dodge: Dodged            |    60 |    77 |   222 |    47 ||   406
  Block: Buckler           |    39 |   101 |   278 |       ||   418
         Reflection        |       |     4 |    15 |    15 ||    34
         Kite shield       |       |       |   317 |   306 ||   623

Table legend: (Time is in decaauts)
 A = Elapsed time spent in this place.
 B = Non-inter-level travel time spent in this place.
 C = Inter-level travel time spent in this place.
 D = Time resting spent in this place.
 E = Time spent auto-exploring this place.
 F = Levels seen in this place.
 G = Mean time per level.
                   A        B        C        D        E       F      G
               +--------+--------+--------+--------+--------+-----+--------+
         Total |   8556 |   8302 |    254 |    466 |   4547 |   9 |  950.7 |
       Dungeon |   8554 |   8300 |    254 |    466 |   4547 |   8 | 1069.2 |
        Temple |      1 |      1 |      0 |      0 |      0 |   1 |    1.0 |
               +--------+--------+--------+--------+--------+-----+--------+

Top non-repeatable levels by time:
     D:5: 1791 daAuts
     D:2: 1278 daAuts
     D:6: 1233 daAuts
     D:7: 1037 daAuts
     D:3: 1004 daAuts
     D:4: 1002 daAuts
     D:1: 853 daAuts
     D:8: 353 daAuts
  Temple: 1 daAuts
